 Dungeon Crawl Stone Soup version 0.25.0-9-g26727b657a (webtiles) character file.

Game seed: 12760967563828908721

23291 Exodus22XD the Party-goer (level 12, -2/92 HPs)
             Began as a Demonspawn Gladiator on June 21, 2020.
             Was a Follower of Uskayaw.
             Engulfed by a cloud of flame (14 damage)
             ... in a volcano.
             The game lasted 00:38:21 (12083 turns).

Exodus22XD the Party-goer (Demonspawn Gladiator)   Turns: 12083, Time: 00:38:22

Health: -2/92      AC: 18    Str: 20    XL:     12   Next: 70%
Magic:  20/20      EV: 17    Int: 10    God:    Uskayaw [*.....]
Gold:   714        SH:  0    Dex: 14    Spells: 11/11 levels left

rFire    . . .     SeeInvis .   a - +6 trident (vorpal)
rCold    . . .     Gourm    .   (no shield)
rNeg     . . .     Faith    +   n - +0 scale mail
rPois    .         Spirit   .   c - +0 helmet
rElec    .         Reflect  .   (no cloak)
rCorr    .         Harm     .   g - +0 pair of gloves
MR       .....                  (no boots)
Stlth    +++.......             A - amulet of faith
HPRegen  0.25/turn              s - +4 ring of protection
MPRegen  0.17/turn              y - +4 ring of evasion

@: very slightly contaminated
A: hooves 1, iridescent scales 2, powered by death 2
a: Stomp, Renounce Religion


You were in a volcano.
You worshipped Uskayaw.
Uskayaw was aware of your devotion.
You were not hungry.

You visited 3 branches of the dungeon, and saw 14 of its levels.
You also visited: Gauntlet and Volcano.

You collected 736 gold pieces.
You spent 22 gold pieces at shops.

Inventory:

Hand Weapons
 a - a +6 vorpal trident (weapon)
 w - the cursed +3 short sword of Hofron {venom, rElec Str+4 Int-5 Dex+4, unknown}
   (You found it on level 4 of the Dungeon)

   It poisons the flesh of those it strikes.
   It affects your strength (+4).
   It affects your intelligence (-5).
   It affects your dexterity (+4).
   It insulates you from electricity.
   It has a curse placed upon it.
 L - a +1 war axe of freezing
 O - a +0 glaive of flaming
Missiles
 d - 4 throwing nets (quivered)
Armour
 c - a +0 helmet (worn)
 g - a +0 pair of gloves (worn)
 n - a +0 scale mail (worn)
 N - a +1 ring mail of fire resistance
Jewellery
 q - an uncursed ring of protection from magic
 s - a +4 ring of protection (left hand)
 y - a +4 ring of evasion (right hand)
 A - an amulet of faith (around neck)
 H - an uncursed ring of protection from magic
Wands
 h - a wand of digging (10)
 j - a wand of random effects (35)
 k - a wand of enslavement (18)
 B - a wand of acid (5)
 D - a wand of polymorph (9)
 G - a wand of paralysis (8)
 J - a wand of disintegration (7)
Scrolls
 i - 2 scrolls of fog
 t - 2 scrolls of teleportation
 u - a scroll of magic mapping
 x - a scroll of amnesia
 z - a scroll of immolation
 C - a scroll of vulnerability
 I - a scroll of enchant weapon
 M - a scroll of remove curse
Potions
 b - a potion of lignification
 e - 5 potions of curing
 l - 6 potions of resistance
 o - 4 potions of flight
 p - a potion of mutation
 v - 2 potions of might
 E - 5 potions of brilliance
 F - a potion of cancellation
Comestibles
 f - 26 rations
 K - a chunk of flesh


   Skills:
 + Level 7.9 Fighting
 + Level 11.4 Polearms
 - Level 1.7 Throwing
 + Level 7.2 Armour
 + Level 5.7 Dodging
 + Level 9.4 Stealth
 * Level 11.5 Invocations
 - Level 1.0 Evocations


You had 11 spell levels left.
You didn't know any spells.
Your spell library contained the following spells:

 Spells                   Type           Power        Failure   Level  Hunger
 Corona                   Hex            #......      67%         1    ##.....
 Ensorcelled Hibernation  Hex/Ice        #.....       82%         2    ###....
 Confusing Touch          Hex            #.......     96%         3    ####...
 Dazzling Flash           Conj/Hex       #.....       96%         3    ####...
 Tukima's Dance           Hex            #.......     96%         3    ####...
 Bolt of Magma            Conj/Fire/Erth #.........   100%        5    ######.
 Iskenderun's Battlesphe  Conj/Chrm      #.......     100%        5    ######.
 Iron Shot                Conj/Erth      #.........   100%        6    #######
 Orb of Destruction       Conj           #.........   100%        7    #######
 Spellforged Servitor     Conj/Summ      #.........   100%        7    #######


Dungeon Overview and Level Annotations

Branches:
Dungeon (10/15)            Temple (1/1) D:5            Lair (3/6) D:10
 Shoals (0/4) Lair:3        Snake (0/4) Lair:2          Orc (0/2) D:10
Volcano (1/1)             Gauntlet (visited)

Altars:
Ashenzari
Cheibriados
Dithmenos
Elyvilon
Fedhas
Gozag
Hepliaklqana
Kikubaaqudgha
Makhleb
Nemelex Xobeh
Okawaru
Qazlal
Ru
Sif Muna
Trog
Uskayaw
Vehumet
Wu Jian
Xom
Yredelemnul
Zin
The Shining One

Shops:
D:6 *

Annotations:
D:9 exclusion: ice statue


Innate Abilities, Weirdness & Mutations

You have large cloven feet.
You are mostly covered in iridescent scales. (AC +4)
You regenerate health from kills.


Message History

You are engulfed in blazing flames.
Some of the chunks of flesh in your inventory have rotted away.
Things that are here:
a +1 mace of flaming; a +1 robe of fire resistance; a human corpse The air gets thick with the scent of sulphur.
In the distance, the volcano erupts with a roar.
You are engulfed in blazing flames.
You are engulfed in blazing flames.
You are engulfed in blazing flames.
* * * LOW HITPOINT WARNING * * *
You start removing your armour.
You continue taking off your +0 scale mail.
You are engulfed in blazing flames.
Keep disrobing? [Y]es or [N]o only, please.
Keep disrobing? [Y]es or [N]o only, please.
Keep disrobing?
You stop removing your armour.
You die...

○§≈§§§≈≈≈≈≈§≈≈≈≈≈≈§≈≈≈≈≈≈≈§§§§§
☼§≈#######################°°§§§
°§≈#.....#...............#≈°≈§§
≈≈#.∩.∩.'.#'#####'#+###°'°.≈.#
☼≈≈#.....#.#..)#.)....#..#..###
○§≈###'################'##.## ○
.. #≈≈..°....°.#°○.### #.
#≈≈.≈≈......'°○.###### ≈#
#≈≈%°@...).)#°..°°°... §§
###################### § §≈§≈≈§
#.'..[....# ≈§≈≈≈§###
#.#)..).[.# §§§§### #.#......)#
#§# #.######### # #..........
###########


There were no monsters in sight!

Vanquished Creatures
  Snorg (D:10)
  2 hydras
  2 two-headed ogres
  A dancing weapon (Volcano)
  Pikel (D:8)
  5 wizards (Volcano)
  A manticore (Lair:3)
  5 elephants (Lair:2)
  5 toenail golems (Volcano)
  2 spiny frogs
  3 ice devils (D:9)
  2 komodo dragons
  2 trolls
  8 blink frogs
  5 dream sheep (Lair:3)
  Grinder (D:4)
  6 hippogriffs
  A wyvern (D:10)
  3 yaks (D:9)
  A basilisk (Lair:3)
  Edmund (D:4)
  4 porcupines
  2 water moccasins
  An orc warrior (D:4)
  A sky beast (D:7)
  A swamp drake (D:10)
  4 ice beasts
  3 phantoms
  An eye of draining (D:9)
  3 wolves (Lair:2)
  5 ogres
  6 centaurs
  7 crocodiles
  9 bullfrogs
  A gnoll sergeant (D:10)
  4 scorpions
  13 killer bees
  5 wights (D:9)
  3 howler monkeys
  5 bullfrog zombies
  3 crimson imps
  7 hounds
  An orc priest (D:6)
  2 gnoll shamans
  6 orc wizards
  A bullfrog skeleton (D:6)
  2 centaur skeletons
  Ijyb (D:4)
  6 iguanas
  6 worker ants
  A hound zombie (D:10)
  A hound skeleton (D:7)
  A howler monkey zombie (D:5)
  19 gnolls
  8 adders
  A howler monkey skeleton (D:6)
  4 shadow imps
  7 ufetubi (D:9)
  An ooze (D:5)
  2 adder zombies
  An adder skeleton (D:10)
  4 worms
  2 dart slugs
  3 leopard geckos
  25 orcs
  8 bats
  A giant cockroach (D:1)
  5 goblins
  8 hobgoblins
  2 quokkas
  4 frilled lizards
  A jackal skeleton (D:4)
  8 kobolds
  A quokka zombie (D:9)
  3 rats
292 creatures vanquished.

Vanquished Creatures (others)
  An adder (D:8)
  6 withered plants (Gauntlet)
7 creatures vanquished.

Grand Total: 299 creatures vanquished

Notes
Turn   | Place    | Note
-------+----------+-------------------------------------------
     0 | D:1      | Exodus22XD the Demonspawn Gladiator began the quest for the
                  | Orb.
     0 | D:1      | Reached XP level 1. HP: 16/16 MP: 1/1
   186 | D:1      | Gained mutation: You regenerate a little health from kills.
                  | [demonic ancestry]
   186 | D:1      | Reached XP level 2. HP: 13/22 MP: 2/2
  1053 | D:2      | Gained mutation: You are partially covered in iridescent
                  | scales. (AC +2) [demonic ancestry]
  1053 | D:2      | Reached XP level 3. HP: 27/27 MP: 3/3
  1098 | D:2      | HP: 1/28 [worm (8)]
  1503 | D:2      | Reached skill level 1 in Armour
  1667 | D:2      | Gained mutation: You have large cloven feet. [demonic
                  | ancestry]
  1667 | D:2      | Reached XP level 4. HP: 30/34 MP: 4/4
  2214 | D:3      | Reached skill level 1 in Stealth
  2424 | D:3      | Gained mutation: You are mostly covered in iridescent
                  | scales. (AC +4) [demonic ancestry]
  2424 | D:3      | Reached XP level 5. HP: 39/39 MP: 5/5
  3036 | D:4      | Noticed Ijyb
  3071 | D:4      | Killed Ijyb
  3071 | D:4      | Gained mutation: You regenerate health from kills. [demonic
                  | ancestry]
  3071 | D:4      | Reached XP level 6. HP: 23/46 MP: 6/6
  3315 | D:4      | Noticed Grinder
  3325 | D:4      | Paralysed by Grinder for 5 turns
  3527 | D:4      | Paralysed by Grinder for 7 turns
  3543 | D:4      | Killed Grinder
  3543 | D:4      | Reached XP level 7. HP: 32/52 MP: 7/7
  3667 | D:4      | Noticed Edmund
  3683 | D:4      | Reached skill level 5 in Polearms
  3720 | D:4      | Killed Edmund
  3943 | D:4      | Got a bloodstained short sword
  4345 | D:5      | Entered Level 5 of the Dungeon
  4496 | D:5      | Reached XP level 8. HP: 60/60 MP: 8/8
  4638 | D:5      | Found a staircase to the Ecumenical Temple.
  4669 | Temple   | Entered the Ecumenical Temple
  4913 | Temple   | Became a worshipper of Uskayaw the Reveler
  5053 | D:5      | Reached * piety under Uskayaw
  5055 | D:5      | Reached skill level 1 in Invocations
  5055 | D:5      | Reached ** piety under Uskayaw
  5064 | D:5      | Reached *** piety under Uskayaw
  5258 | D:6      | Found Sikashemi's General Store.
  5282 | D:6      | Reached **** piety under Uskayaw
  5397 | D:6      | Bought a scroll of identify for 22 gold pieces
  5484 | D:6      | Found a shimmering altar of Xom.
  5602 | D:6      | Noticed a troll
  5610 | D:6      | Killed a troll
  5610 | D:6      | Reached XP level 9. HP: 51/66 MP: 11/11
  5614 | D:6      | Reached ***** piety under Uskayaw
  6096 | D:7      | Reached skill level 5 in Fighting
  6106 | D:7      | Reached skill level 5 in Stealth
  6110 | D:7      | Reached skill level 5 in Invocations
  6224 | D:7      | Found a glowing silver altar of Zin.
  6277 | D:7      | Found a white marble altar of Elyvilon.
  6740 | D:8      | Noticed a two-headed ogre
  6750 | D:8      | Killed a two-headed ogre
  6985 | D:8      | Reached XP level 10. HP: 48/74 MP: 14/14
  7048 | D:8      | Noticed Pikel
  7058 | D:8      | Killed Pikel
  7058 | D:8      | Reached skill level 5 in Armour
  7468 | D:8      | Found a hazy altar of Hepliaklqana.
  7738 | D:9      | Noticed a two-headed ogre
  7746 | D:9      | Killed a two-headed ogre
  7894 | D:9      | Noticed an ice statue
  7996 | D:9      | Reached skill level 5 in Dodging
  8061 | D:9      | Reached skill level 1 in Evocations
  8674 | D:9      | Reached XP level 11. HP: 83/83 MP: 17/17
  8795 | D:10     | Entered Level 10 of the Dungeon
  9052 | D:10     | Reached skill level 10 in Polearms
  9204 | D:10     | Found a staircase to the Orcish Mines.
  9277 | D:10     | Noticed Snorg
  9666 | D:10     | Killed Snorg
  9844 | D:10     | Found a staircase to the Lair.
  9935 | Lair:1   | Entered Level 1 of the Lair of Beasts
  9935 | Lair:1   | Noticed a five-headed hydra
  9942 | Lair:1   | Killed a five-headed hydra
 10921 | Lair:2   | Reached skill level 10 in Invocations
 10929 | Lair:2   | Reached ****** piety under Uskayaw
 10945 | Lair:2   | Reached XP level 12. HP: 72/91 MP: 9/19
 10967 | Lair:2   | Found a gate leading to a gauntlet.
 10974 | Lair:2   | Noticed an eight-headed hydra
 10986 | Lair:2   | Killed an eight-headed hydra
 10999 | Gauntlet | Entered a Gauntlet
 10999 | Gauntlet | Found a runed translucent door.
 10999 | Gauntlet | Found a transporter.
 10999 | Gauntlet | Found a runed translucent door.
 10999 | Gauntlet | Found a transporter.
 10999 | Gauntlet | Noticed a death scarab
 11020 | Gauntlet | Found a transporter.
 11021 | Gauntlet | Found a transporter.
 11033 | Gauntlet | Found a transporter.
 11035 | Gauntlet | Found a transporter.
 11049 | Gauntlet | Found a transporter.
 11061 | Gauntlet | Noticed a death yak
 11062 | Gauntlet | Found a transporter.
 11074 | Gauntlet | Noticed a death yak
 11074 | Gauntlet | Noticed a death yak
 11076 | Gauntlet | Found a transporter.
 11079 | Gauntlet | Found a transporter.
 11090 | Gauntlet | Found a transporter.
 11090 | Gauntlet | Found a transporter.
 11624 | Lair:2   | You fall into a shaft and drop 1 floor!
 11822 | Lair:3   | Found a dark tunnel.
 11830 | Volcano  | Entered a volcano
 12018 | Volcano  | HP: 2/92 [metal wall collision (15)]
 12083 | Volcano  | Engulfed by a cloud of flame

Illustrated notes

Levels and vault maps discovered:
D:1:      nicolae_arrival_washed_ashore, layout_basic
D:2:      minmay_diamond_boxcup, layout_loops_ring
D:3:      layout_rooms
D:4:      layout_loops_ring, first_ration, abandoned_shop, minmay_statues_item,
          minmay_crystal_room, uniq_grinder, uniq_edmund, uniq_ijyb
D:5:      layout_rooms, minmay_temple_entry_sparse_star
D:6:      layout_rooms, serial_shops, nicolae_shop_competitors_out_of_business,
          basic_altar
D:7:      minmay_opposing_rooms, layout_loops_ring, basic_altar,
          elyvilon_altar_3
D:8:      layout_basic, kennysheep_little_box, uniq_pikel
D:9:      cheibrodos_frozen_isle, layout_loops_ring
D:10:     layout_basic, erik_lair_dragon, orc_0_dummy, uniq_snorg
Temple:   nicolae_temple_the_god_donut
Lair:1:   layout_cave_pods, grunt_megastairs_2
Lair:2:   layout_gridlike, minmay_snake_entry_spellcaster,
          gauntlet_entry_generic, serial_bayou_pond_e,
          kennysheep_abandoned_house
Lair:3:   layout_misc_corridors, minmay_shoals_entry_beasts,
          lightli_volcano_entry_magma_tube
Volcano:  volcano_bunker

Skill      XL: |  1  2  3  4  5  6  7  8  9 10 11 12 |
---------------+-------------------------------------+-----
Dodging        | 3 4 5 |  5.7
Polearms       | 3 4 6 7 8 9 10 11 | 11.4
Armour         | 1 2 3 4 5 6 7 |  7.2
Stealth        | 1 2 3 4 5 6 7 9 |  9.4
Fighting       | 3 4 5 6 7 |  7.9
Invocations    | 3 6 8 10 11 | 11.5
Evocations     | 1 |  1.0
Throwing       | |  1.7

Action                   |  1- 3 |  4- 6 |  7- 9 | 10-12 || total
-------------------------+-------+-------+-------+-------++-------
Melee: Trident           |   134 |   166 |   394 |   532 ||  1226
       Kick              |       |    32 |   107 |   126 ||   265
Invok: Stomp             |       |       |       |     2 ||     2
       Line Pass         |       |       |       |     2 ||     2
Evoke: Wand              |       |       |       |    38 ||    38
  Use: Potion            |     2 |     3 |       |     2 ||     7
       Scroll            |       |     5 |     9 |    17 ||    31
 Stab: Sleeping          |     2 |     4 |       |     7 ||    13
       Invisible         |     1 |     4 |       |       ||     5
       Distracted        |     1 |       |       |       ||     1
       Paralysed         |       |       |    15 |    57 ||    72
       Confused          |       |       |       |     2 ||     2
  Eat: Chunk             |     2 |     5 |    12 |    19 ||    38
Armor: Leather armour    |    35 |     3 |       |       ||    38
       Ring mail         |       |    54 |    16 |       ||    70
       Scale mail        |       |       |   149 |   158 ||   307
Dodge: Dodged            |    72 |    83 |   181 |   247 ||   583
